 Dungeon Crawl Stone Soup version 0.27-a0-1105-g946c659c87 (webtiles) character file.

Game seed: 14482312458253840388

1353 siradein the Carver (level 8, -2/55 HPs)
             Began as a Vampire Gladiator on Apr 29, 2021.
             Slain by an ogre
             ... wielding a +0 giant club
              (12 damage)
             ... on level 6 of the Dungeon.
             The game lasted 00:18:07 (3942 turns).

siradein the Carver (Vampire Gladiator)             Turns: 3942, Time: 00:18:07

Health: -2/55      AC:  9    Str: 19    XL:     8   Next: 36%
Magic:  8/8        EV: 12    Int: 11    God:
Gold:   154        SH:  4    Dex: 17    Spells: 7/7 levels left

rFire    . . .     SeeInvis +   i - +2 short sword (elec)
rCold    + . .     Faith    .   z - +0 buckler
rNeg     . . .     Spirit   .   F - +2 leather armour {rC+}
rPois    .         Reflect  .   c - +0 helmet
rElec    .         Harm     .   B - +0 cloak
rCorr    .         Rampage  .   f - +0 pair of gloves
Will     +....                  q - +0 pair of boots
Stlth    +.........             k - amulet of regeneration
HPRegen  1.38/turn              y - ring of willpower
MPRegen  0.11/turn              C - +6 ring of strength

@: healing quickly
A: alive, fangs 3, see invisible, unbreathing 1, vampiric 2
a: Exsanguinate


You were on level 6 of the Dungeon.
You visited 1 branch of the dungeon, and saw 6 of its levels.

You collected 154 gold pieces.

Inventory:

Hand Weapons
 a - a +0 long sword
 i - a +2 short sword of electrocution (weapon)
Missiles
 d - 5 throwing nets (quivered)
Armour
 c - a +0 helmet (worn)
 f - a +0 pair of gloves (worn)
 q - a +0 pair of boots (worn)
 z - a +0 buckler (worn)
 B - a +0 cloak (worn)
 F - a +2 leather armour of cold resistance (worn)
Jewellery
 k - an amulet of regeneration (around neck)
 y - a ring of willpower (left hand)
 C - a +6 ring of strength (right hand)
Wands
 p - a wand of acid (4)
 E - a wand of paralysis (7)
Scrolls
 j - a scroll of summoning {unknown}
 n - 2 scrolls of fear
 r - a scroll of enchant weapon {unknown}
 s - a scroll of teleportation
 v - a scroll of magic mapping {unknown}
 A - a scroll of fog {unknown}
Potions
 e - 2 potions of ambrosia
 g - a potion of resistance {unknown}
 h - a potion of flight
 l - 6 potions of heal wounds {unknown}
 m - a potion of haste {unknown}
 o - a potion of degeneration {unknown}
 t - a potion of magic {unknown}
 u - 2 potions of brilliance {unknown}
 w - 2 potions of invisibility {unknown}
 x - 3 potions of attraction {unknown}
 D - a potion of cancellation {unknown}


   Skills:
 - Level 1.7 Fighting
 + Level 10.6 Long Blades
 - Level 1.5 Throwing
 - Level 3.2 Dodging


You had 7 spell levels left.
You didn't know any spells.
Your spell library contained the following spells:

 Spells                   Type           Power      Damage    Failure   Level
 Magic Dart               Conj           0%         1d3       56%         1
 Blink                    Tloc           N/A        N/A       71%         2
 Call Imp                 Summ           0%         N/A       71%         2
 Slow                     Hex            0%         N/A       71%         2
 Conjure Flame            Conj/Fire      0%         6-21      91%         3
 Mephitic Cloud           Conj/Pois/Air  0%         N/A       91%         3


Dungeon Overview and Level Annotations

Branches:
Dungeon (6/15)             Temple (0/1) D:6

Altars:
Dithmenos
Qazlal


Innate Abilities, Weirdness & Mutations

Your natural rate of healing is accelerated.
You have razor-sharp teeth.
You have supernaturally acute eyesight. (SInv)
You can survive without breathing.
You are afflicted with vampirism and can become a bat while bloodless.


Message History

An ogre comes into view. It is wielding a +0 giant club.
A centaur comes into view.
The centaur shouts!
The centaur wields a +0 shortbow.
The centaur shoots an arrow.
The arrow misses you.
The centaur shoots an arrow.
The arrow hits you.
The ogre shouts!
The phantom barely misses you.
The centaur shoots an arrow.
The arrow hits you! The gnoll hits you with a +0 club.
The centaur shoots an arrow.
The arrow hits you but does no damage.
The centaur shoots an arrow.
The arrow hits you.
A gnoll sergeant comes into view.
It is wielding a +0 spear. 3 gnolls come into view.
The gnoll sergeant shouts!
A gnoll comes into view. It is wielding a +0 spear.
The gnoll shouts!
You block the gnoll sergeant's attack. You block the gnoll's attack.
You block the gnoll's attack.
The centaur shoots an arrow.
The arrow hits you but does no damage.
The gnoll sergeant hits you from afar with a +0 spear!
The phantom closely misses you.
The centaur shoots an arrow.
The arrow closely misses you.
The centaur shoots an arrow.
The arrow hits you!
There is a stone staircase leading up here.
The phantom hits you.
The phantom blinks!
You blink.
You stop ascending the stairs.
The gnoll sergeant misses you.
The centaur unwields a +0 shortbow.
The centaur closely misses you. x2
The gnoll hits you from afar with a +0 spear.
The gnoll closely misses you. The phantom hits you!
* * * LOW HITPOINT WARNING * * *
The centaur hits you but does no damage.
The centaur misses you.
The gnoll sergeant hits you from afar with a +0 spear!
* * * LOW HITPOINT WARNING * * *
The centaur hits you but does no damage.
The centaur closely misses you. The centaur closely misses you.
The centaur misses you.
The gnoll sergeant hits you but does no damage.
The centaur misses you. The centaur barely misses you.
The ogre hits you with a +0 giant club!
You die...

###############..........#
........................# #...#
#.###..##..######## #...# #.#
#..#...# #...# #.# #..#...# #...#
#.###..#...# . #...#
#.#....#...####
.##...###.#.##g#....).########
>......[......gO@.............
..............gcW......)......
.#...........gg.......########
.#........#.....#.....#
.#.#.##.....g...##'####
..........#.#...##)###########
##...#.####..............<...#
#.#.#... .....<........#........
...#.#g####.###............#.####


You could see a phantom, an ogre, a gnoll sergeant, a centaur and 5 gnolls.

Vanquished Creatures
  2 water moccasins (D:5)
  An ice beast (D:5)
  A black bear (D:5)
  3 ogres (D:5)
  2 centaurs
  2 phantoms (D:5)
  The ghost of Splishie the Covered, a weakling GnWn of Dithmenos (D:5)
  A water moccasin skeleton (D:4)
  A hound (D:3)
  A gnoll shaman (D:5)
  A centaur skeleton (D:6)
  3 iguanas
  2 hound skeletons
  3 adders
  4 gnolls (D:5)
  2 dart slugs
  6 orcs
  9 ball pythons
  8 endoplasms
  5 giant cockroaches
  8 goblins
  7 hobgoblins
  6 jackals (D:1)
  2 quokkas (D:2)
  3 bats
  6 frilled lizards
  5 kobolds
  6 rats
101 creatures vanquished.

Notes
Turn   | Place    | Note
-------+----------+-------------------------------------------
     0 | D:1      | siradein the Vampire Gladiator began the quest for the Orb.
     0 | D:1      | Reached XP level 1. HP: 16/16 MP: 1/1
   173 | D:1      | Reached XP level 2. HP: 18/22 MP: 2/2
   268 | D:1      | Reached skill level 4 in Long Blades
   400 | D:1      | Gained mutation: You are afflicted with vampirism and can
                  | become a bat while bloodless. [Vampire growth]
   400 | D:1      | Reached XP level 3. HP: 26/27 MP: 3/3
  1378 | D:2      | Found a stormy altar of Qazlal.
  1416 | D:2      | Reached XP level 4. HP: 33/33 MP: 4/4
  1448 | D:2      | Reached skill level 5 in Long Blades
  1798 | D:3      | Found a shadowy altar of Dithmenos.
  2570 | D:4      | Reached XP level 5. HP: 34/38 MP: 5/5
  2579 | D:4      | Reached skill level 6 in Long Blades
  3229 | D:5      | Entered Level 5 of the Dungeon
  3248 | D:5      | Noticed a water moccasin
  3258 | D:5      | Killed a water moccasin
  3259 | D:5      | Reached skill level 7 in Long Blades
  3259 | D:5      | Reached XP level 6. HP: 38/44 MP: 6/6
  3336 | D:5      | Found a runed translucent gate.
  3337 | D:5      | Found a runed translucent gate.
  3337 | D:5      | Found a runed translucent gate.
  3339 | D:5      | Noticed Splishie's ghost (weakling GnWn)
  3363 | D:5      | Noticed an ice beast
  3410 | D:5      | Noticed a water moccasin
  3426 | D:5      | Killed a water moccasin
  3452 | D:5      | Reached skill level 8 in Long Blades
  3452 | D:5      | Reached XP level 7. HP: 43/49 MP: 7/7
  3599 | D:5      | Reached skill level 9 in Long Blades
  3705 | D:5      | Reached XP level 8. HP: 44/55 MP: 8/8
  3786 | D:5      | Reached skill level 10 in Long Blades
  3798 | D:5      | Killed Splishie's ghost
  3845 | D:6      | Found a staircase to the Ecumenical Temple.
  3942 | D:6      | Slain by an ogre

Illustrated notes

Levels and vault maps discovered:
D:1:      dpeg_arrival_tiny_k, layout_loops_ring, minmay_quantized
D:2:      layout_basic, basic_altar
D:3:      layout_loops_corners, nicolae_dithmenos_through_a_glass_darkly
D:4:      layout_basic, chequers_decorated_corner
D:5:      layout_rooms, gammafunk_ghost_split
D:6:      layout_basic, temple_statues, minmay_guarded_unrand_staff_of_olgreb

Skill      XL: |  1  2  3  4  5  6  7  8 |
---------------+-------------------------+-----
Long Blades    | 4 5 7 8 9 10 | 10.6
Fighting       | |  1.7
Throwing       | |  1.5
Dodging        | |  3.2

Action                   |  1- 3 |  4- 6 |  7- 9 || total
-------------------------+-------+-------+-------++-------
Melee: Long sword        |    60 |       |       ||    60
       Bite              |     9 |    11 |    11 ||    31
       Short sword       |    67 |   113 |    73 ||   253
  Use: Scroll            |       |     7 |       ||     7
 Stab: Sleeping          |     2 |     2 |       ||     4
       Distracted        |     1 |       |       ||     1
Armor: Leather armour    |    34 |    26 |    14 ||    74
Dodge: Dodged            |    77 |    50 |    66 ||   193
Block: Buckler           |       |     7 |    15 ||    22
       Rpst.: Long sword |     9 |       |       ||     9

Table legend: (Time is in decaauts)
 A = Elapsed time spent in this place.
 B = Non-inter-level travel time spent in this place.
 C = Inter-level travel time spent in this place.
 D = Time resting spent in this place.
 E = Time spent auto-exploring this place.
 F = Levels seen in this place.
 G = Mean time per level.
                   A        B        C        D        E       F      G
               +--------+--------+--------+--------+--------+-----+--------+
         Total |   3931 |   3784 |    147 |      2 |   3025 |   6 |  655.2 |
       Dungeon |   3931 |   3784 |    147 |      2 |   3025 |   6 |  655.2 |
               +--------+--------+--------+--------+--------+-----+--------+

Top non-repeatable levels by time:
     D:2: 893 daAuts
     D:1: 848 daAuts
     D:3: 801 daAuts
     D:4: 688 daAuts
     D:5: 602 daAuts
     D:6: 96 daAuts
